AoeStats
← 从不压堡之人

Arena

509042895Analyzed
4v4 RM · 7d ago on Sep 25, 2026· 47m 37s· 8 players
Game mode
Random Map
Map size
Large (8 player)
Population
200
Speed
Normal
Resources
Standard
Victory
Conquest
Starting age
Dark Age
Ending age
Imperial Age
RankedLock teamsTeams togetherTeam positionsShared explorationLock speedFull tech treeHidden civsTurbo modeCheats
Victory
Defeat
🇨🇳 Goths · China
1437
+9
🇨🇳 Varangians · China
1281
+15
1203
+18
🇨🇳 Spanish · China
1081
+23
🇹🇼 Varangians · Taiwan
1271
-17
🇹🇼 Byzantines · Taiwan
1264
-17
🇦🇺 Dravidians · Australia
1248
-16
🇨🇳 Italians · China
1235
-15
a506b8123il
10:21 Feudal Age
15:58 Castle Age
14:09 Horse Collar
14:53 Double-Bit Axe
19:34 Heavy Plow
23:38 Bow Saw
25:16 Wheelbarrow
25:01 Gold Mining
27:22 Hand Cart
26:54 Loom
28:42 Gold Shaft Mining
30:43 Imperial Age
28:41 Scale Mail Armor
29:03 Fortified Wall
29:23 Treadmill Crane
30:47 Chain Mail Armor
30:37 Squires
30:44 Stone Mining
32:09 Logistica
32:15 Guilds
31:50 Capped Ram
32:26 Pikeman
33:40 Plate Mail Armor
33:50 Hoardings
34:26 Conscription
33:30 Halberdier
34:31 Forging
35:27 Chemistry
37:22 Iron Casting
36:42 Guard Tower
36:43 Fletching
37:19 Arrowslits
38:00 Ballistics
40:21 Crop Rotation
42:09 Two-Man Saw
41:54 Redemption
破皮大師
10:08 Feudal Age
13:55 Castle Age
11:52 Double-Bit Axe
12:02 Horse Collar
15:12 Bow Saw
24:15 Wheelbarrow
23:49 Heavy Plow
26:29 Hand Cart
29:24 Imperial Age
27:03 Scale Mail Armor
27:14 Forging
28:13 Gold Mining
28:14 Stone Mining
28:45 Squires
28:31 Gambesons
28:32 Arson
28:37 Gambesons
30:09 Stone Shaft Mining
29:59 Chain Mail Armor
30:19 Iron Casting
29:48 Treadmill Crane
29:44 Elite Varangian Guard
31:14 Iron Casting
31:11 Plate Mail Armor
30:10 Capped Ram
31:28 Conscription
30:32 Gothikon
31:04 Siege Ram
33:36 Two-Man Saw
33:13 Crop Rotation
35:10 Blast Furnace
35:44 Devotion
36:59 Faith
36:26 Loom
36:27 Town Watch
36:13 Man-at-Arms
37:20 Long Swordsman
37:52 Two-Handed Swordsman
39:06 Scale Barding Armor
38:23 Vendel Legacy
38:26 Elite Jarl
40:04 Bloodlines
39:55 Husbandry
40:26 Caravan
45:57 Chain Barding Armor
45:58 Light Cavalry
48:37 Plate Barding Armor
asbt5678
10:06 Feudal Age
11:19 Double-Bit Axe
13:57 Castle Age
13:04 Horse Collar
20:19 Wheelbarrow
21:32 Bow Saw
21:46 Loom
23:48 Hand Cart
24:27 Gold Mining
25:36 Stone Mining
29:20 Imperial Age
26:52 Fletching
27:24 Padded Archer Armor
28:05 Heavy Plow
28:48 Stone Shaft Mining
28:25 Bodkin Arrow
28:46 Leather Archer Armor
28:53 Ballistics
29:04 Thumb Ring
30:23 Conscription
31:07 Chemistry
30:30 Bracer
30:35 Town Watch
31:20 Husbandry
31:30 Bloodlines
30:41 Light Cavalry
31:32 Scale Barding Armor
31:38 Forging
31:58 Ring Archer Armor
31:41 Forging
32:44 Chain Barding Armor
33:56 Two-Man Saw
34:05 Pirotechnia
35:11 Iron Casting
35:23 Crop Rotation
35:09 Masonry
35:10 Fortified Wall
36:50 Plate Barding Armor
36:54 Devotion
37:17 Hussar
41:23 Silk Road
44:53 Blast Furnace
45:25 Architecture
45:18 Faith
SweatyPenguin
10:29 Feudal Age
11:46 Double-Bit Axe
14:03 Castle Age
12:13 Horse Collar
15:05 Bow Saw
15:53 Heavy Plow
21:40 Wheelbarrow
22:57 Fletching
26:52 Imperial Age
24:40 Gold Mining
25:30 Bodkin Arrow
25:36 Padded Archer Armor
25:59 Hand Cart
26:30 Ballistics
27:43 Thumb Ring
28:00 Bracer
29:10 Chemistry
28:51 Husbandry
29:09 Elite Elephant Archer
30:49 Leather Archer Armor
29:55 Elite Skirmisher
31:08 Medical Corps
31:33 Conscription
31:34 Town Watch
31:34 Loom
33:03 Two-Man Saw
34:07 Ring Archer Armor
36:23 Bombard Tower
35:40 Siege Elephant
kirk
11:41 Feudal Age
12:29 Double-Bit Axe
15:19 Castle Age
13:20 Horse Collar
16:31 Bow Saw
16:51 Heavy Plow
20:49 Wheelbarrow
21:46 Gold Mining
22:46 Stone Mining
29:21 Imperial Age
27:02 Vendel Legacy
28:01 Forging
27:56 Scale Barding Armor
28:39 Loom
29:10 Hand Cart
29:49 Stone Shaft Mining
29:21 Husbandry
29:33 Bloodlines
30:03 Iron Casting
29:43 Elite Jarl
30:47 Conscription
30:09 Cavalier
33:33 Chain Barding Armor
34:14 Blast Furnace
35:45 Chemistry
35:39 Caravan
39:58 Elite Varangian Guard
40:23 Arson
40:39 Squires
40:24 Gambesons
40:42 Scale Mail Armor
41:17 Plate Barding Armor
44:38 Capped Ram
45:44 Town Watch
45:39 Siege Ram
叫声乌鸦哥
1:22 Loom
10:26 Feudal Age
13:59 Castle Age
12:11 Double-Bit Axe
13:00 Horse Collar
16:17 Heavy Plow
22:06 Wheelbarrow
22:37 Bow Saw
23:23 Gold Mining
25:57 Hand Cart
25:30 Town Watch
27:01 Scale Mail Armor
30:27 Imperial Age
27:59 Anarchy
28:40 Chain Mail Armor
28:36 Forging
29:26 Caravan
29:29 Squires
29:18 Pikeman
31:20 Iron Casting
31:12 Perfusion
31:33 Conscription
32:19 Chemistry
32:07 Guilds
33:35 Blast Furnace
31:56 Elite Huskarl
33:50 Two-Man Saw
33:29 Fletching
34:00 Ballistics
33:39 Man-at-Arms
34:03 Long Swordsman
34:34 Two-Handed Swordsman
34:51 Two-Handed Swordsman
35:30 Bodkin Arrow
35:11 Champion
38:39 Coinage
38:18 Stone Mining
41:26 Banking
42:02 Bracer
42:14 Masonry
44:18 Treadmill Crane
45:09 Architecture
44:46 Halberdier
46:01 Onager
从不压堡之人
11:05 Feudal Age
12:20 Double-Bit Axe
14:46 Castle Age
12:50 Horse Collar
14:37 Wheelbarrow
16:05 Bow Saw
17:48 Town Watch
20:29 Loom
22:40 Heavy Plow
24:45 Hand Cart
29:00 Imperial Age
27:02 Inquisition
27:05 Fletching
28:17 Sanctity
28:01 Caravan
29:10 Fervor
29:03 Husbandry
29:13 Bloodlines
29:17 Bodkin Arrow
29:28 Scale Barding Armor
29:56 Guilds
30:48 Chemistry
30:35 Illumination
30:45 Theocracy
30:29 Block Printing
30:56 Chain Barding Armor
31:27 Bracer
31:42 Redemption
32:29 Plate Barding Armor
33:30 Two-Man Saw
32:36 Gold Mining
32:38 Stone Mining
33:56 Conscription
34:02 Ballistics
33:38 Murder Holes
35:00 Stone Shaft Mining
35:48 Padded Archer Armor
37:45 Leather Archer Armor
37:37 Town Patrol
38:24 Arrowslits
38:30 Guard Tower
38:50 Masonry
40:34 Cavalier
41:25 Forging
42:00 Supremacy
42:29 Fortified Wall
42:49 Architecture
42:51 Elite Conquistador
44:55 Keep
47:06 Ring Archer Armor
B站胡某怎么还在种田
10:54 Feudal Age
11:56 Double-Bit Axe
12:05 Horse Collar
14:28 Castle Age
14:14 Wheelbarrow
15:31 Bow Saw
15:22 Heavy Plow
22:21 Stone Mining
23:04 Gold Mining
25:04 Gold Shaft Mining
25:13 Hand Cart
25:04 Treadmill Crane
25:12 Loom
29:43 Imperial Age
27:15 Fletching
27:31 Padded Archer Armor
27:32 Scale Mail Armor
27:47 Forging
29:02 Bodkin Arrow
29:22 Leather Archer Armor
29:36 Yeomen
29:54 Iron Casting
29:34 Chain Mail Armor
29:28 Caravan
29:27 Town Watch
29:12 Pikeman
29:53 Squires
29:39 Arson
30:31 Chain Mail Armor
30:51 Conscription
32:10 Two-Man Saw
31:42 Bracer
31:14 Halberdier
32:36 Ballistics
32:23 Siege Engineers
33:21 Chemistry
33:28 Plate Mail Armor
33:29 Ring Archer Armor
33:59 Blast Furnace
32:49 Man-at-Arms
33:14 Gambesons
32:51 Onager
35:08 Elite Longbowman
36:25 Hoardings
36:28 Warwolf
35:55 Heavy Scorpion
36:00 Long Swordsman
37:34 Coinage
37:37 Murder Holes
37:52 Fortified Wall
37:34 Guard Tower
37:29 Arrowslits
37:55 Masonry
38:51 Banking
38:23 Capped Ram
38:26 Two-Handed Swordsman
40:25 Keep
41:56 Champion
43:08 Masonry
Connection lost

Rejoining the realm…

Still unreachable

The connection could not be restored.

Session expired

The server has moved on; the page needs a fresh start.